 Dungeon Crawl Stone Soup version 0.31-a0-835-g2a3a5bc3be (webtiles) character file.

Game seed: 3696004711588819701

1958 Pixllover the Basher (level 9, -4/56 HPs)
             Began as a Gargoyle Berserker on Sept 26, 2023.
             Was an Elder of Trog.
             Slain by a hornet (11 damage)
             ... on level 6 of the Dungeon.
             The game lasted 00:18:31 (5991 turns).

Pixllover the Basher (Gargoyle Berserker)           Turns: 5991, Time: 00:18:32

Health: -4/56      AC: 19    Str: 24    XL:     9   Next: 19%
Magic:  9/9        EV:  9    Int:  9    God:    Trog [****..]
Gold:   530        SH:  0    Dex:  9    Spells: 8/8 levels left

rFire   . . .        n - +1 flail
rCold   + . .        (no shield)
rNeg    + . .        o - +0 chain mail
rPois   ∞            x - +0 helmet
rElec   +            (no cloak)
rCorr   .            w - +0 pair of gloves
SInv    +            (no boots)
Will    .....        (no amulet) Stlth
                     k - ring of see invisible
HPRegen 0.29/turn    i - ring of protection from cold
MPRegen 0.11/turn

%: no passive effects
@: no status effects
A: sickness immunity, AC +6, negative energy resistance 1, electricity
resistance, torment resistance 1, petrification resistance
a: Renounce Religion, Berserk, Trog's Hand, Brothers in Arms


You were on level 6 of the Dungeon.
You worshipped Trog.
Trog was greatly pleased with you.
You visited 1 branch of the dungeon, and saw 7 of its levels.
You also visited: Sewer.

You collected 530 gold pieces.

Inventory:

Hand Weapons
 n - a +1 flail (weapon)
Missiles
 m - 5 poisoned darts (quivered)
Armour
 o - a +0 chain mail (worn)
 w - a +0 pair of gloves (worn)
 x - a +0 helmet (worn)
Jewellery
 i - a ring of protection from cold (right hand)
 k - a ring of see invisible (left hand)
Wands
 e - a wand of mindburst (29)
Scrolls
 a - 2 scrolls of acquirement {unknown}
 b - 2 scrolls of blinking
 f - 2 scrolls of teleportation
 g - 2 scrolls of vulnerability
 p - 2 scrolls of torment {unknown}
 r - a scroll of noise {unknown}
 s - a scroll of silence {unknown}
 t - 3 scrolls of identify
 u - a scroll of poison {unknown}
 v - 4 scrolls of enchant armour {unknown}
Potions
 c - a potion of resistance {unknown}
 d - a potion of might {unknown}
 h - a potion of heal wounds {unknown}
 j - 2 potions of lignification
 l - 2 potions of curing
 q - a potion of brilliance {unknown}


   Skills:
 + Level 6.4 Fighting
 + Level 9.1 Maces & Flails
 + Level 0.1 Throwing
 + Level 5.7 Armour
 + Level 3.2 Dodging
 + Level 1.3 Stealth


You had 8 spell levels left.
You didn't know any spells.
Your spell library was empty.

Dungeon Overview and Level Annotations

Branches:
Dungeon (7/15)             Temple (0/1) D:4           Sewer (visited)

Altars:
Cheibriados
Gozag
Ru
Vehumet
Xom

Annotations:
D:5 2 transporters, ouz's ghost, novice DsFi


Innate Abilities, Weirdness & Mutations

You are immune to sickness and miasma.
Your stone body is resilient. (AC +6)
You are immune to poison.
You resist negative energy. (rN+)
You are resistant to electric shocks. (rElec)
You are resistant to unholy torment.
You are immune to petrification.


Message History

The hornet attacks as it pursues you!
The hornet stings you but does no damage.
The hornet closely misses you. The hornet attacks as it pursues you!
The hornet closely misses you. The hornet stings you!
The hornet barely misses you. The hornet barely misses you.
The hornet stings you but does no damage.
There is a stone staircase leading up here.
The hornet stings you but does no damage.
You climb upwards.
There is a stone staircase leading down here.
You miss the hornet. The hornet closely misses you.
The hornet stings you but does no damage.
You hit the hornet but do no damage. The hornet completely misses you.
You barely miss the hornet. The hornet barely misses you.
You hit the hornet but do no damage.
The hornet stings you but does no damage.
The hornet closely misses you.
You miss the hornet. The hornet barely misses you.
You barely miss the hornet.
The hornet stings you but does no damage. x2
You barely miss the hornet.
The hornet stings you but does no damage.
You closely miss the hornet. The hornet stings you!
You hit the hornet.
The hornet is lightly wounded.
The hornet stings you but does no damage.
The hornet stings you!
You miss the hornet.
The hornet is lightly wounded.
The hornet stings you.
* * * LOW HITPOINT WARNING * * *
The hornet stings you.
* * * LOW HITPOINT WARNING * * *
The hornet stings you.
* * * LOW HITPOINT WARNING * * *
Items here: ))) ††.
The hornet attacks as it pursues you! The hornet stings you!
You die...

##.### #.#).# #...#####.#
#...## #.#.#####..........
###..# #.#............##.#
##.#####.(.......#...<....
#....###......#.#.######.
####.#...P....###.##.....
#.............# #....####
#.###..####.#.# ######
#...#.>y@...#.####
#.#.#####.###.##.#### ###.#
#....#..#....#
######.####..#.#..#.##.#
#....#.......#.#..#.##.#
#.##.#######.#.<#.#.##.#####
#.#......).<.#....#.........
###.#####...#.....######.#####
#.......#...###....# #.....#


You could see a hornet.

Vanquished Creatures
  A water moccasin (D:6)
  An orc warrior (D:6)
  A sky beast (D:6)
  An ice beast (D:6)
  5 ogres
  4 centaurs
  2 scorpions
  3 orc priests
  A hound (D:6)
  2 jellies
  5 iguanas
  Jessica (D:3)
  2 orc wizards
  4 gnolls (D:2)
  14 adders
  4 river rats (D:4)
  A shadow imp (D:6)
  A white imp (D:5)
  3 worms
  2 dart slugs
  18 orcs
  5 bats
  9 endoplasms
  2 giant cockroaches
  4 goblins
  2 hobgoblins
  13 jackals
  2 quokkas (D:3)
  8 ball pythons
  12 frilled lizards
  5 kobolds
  7 rats
145 creatures vanquished.

Notes
Turn   | Place    | Note
-------+----------+-------------------------------------------
     0 | D:1      | Pixllover the Gargoyle Berserker began the quest for the
                  | Orb.
     0 | D:1      | Reached XP level 1. HP: 14/14 MP: 1/1
    51 | D:1      | Reached XP level 2. HP: 19/19 MP: 2/2
   252 | D:1      | Found a faded altar of an unknown god.
   612 | D:1      | Reached ** piety under Trog
   628 | D:1      | Reached XP level 3. HP: 7/23 MP: 3/3
  1199 | D:2      | Reached XP level 4. HP: 23/29 MP: 4/4
  1487 | D:2      | Reached skill level 4 in Maces & Flails
  1656 | D:3      | Noticed Jessica
  1733 | D:3      | Reached skill level 1 in Stealth
  1772 | D:3      | Reached XP level 5. HP: 33/33 MP: 5/5
  1829 | D:3      | Killed Jessica
  2131 | D:3      | Found a shimmering altar of Xom.
  2231 | D:3      | Reached *** piety under Trog
  2451 | D:4      | Reached skill level 5 in Maces & Flails
  2469 | D:4      | Found a staircase to the Ecumenical Temple.
  2652 | D:4      | Reached XP level 6. HP: 39/39 MP: 6/6
  2676 | D:4      | Found a glowing drain.
  2690 | Sewer    | Entered a sewer
  3385 | D:4      | Found a radiant altar of Vehumet.
  3388 | D:4      | Found a snail-covered altar of Cheibriados.
  3391 | D:4      | Found an opulent altar of Gozag.
  3603 | D:5      | Entered Level 5 of the Dungeon
  3652 | D:5      | Reached skill level 6 in Maces & Flails
  3715 | D:5      | Reached XP level 7. HP: 40/44 MP: 7/7
  3801 | D:5      | Reached skill level 5 in Fighting
  3957 | D:5      | Found a sacrificial altar of Ru.
  4201 | D:5      | Found a transporter.
  4202 | D:5      | Found a transporter.
  4204 | D:5      | Noticed ouz's ghost (novice DsFi)
  4693 | D:6      | Reached XP level 8. HP: 30/51 MP: 8/8
  4836 | D:6      | Reached skill level 7 in Maces & Flails
  5039 | D:6      | Reached skill level 5 in Armour
  5353 | D:6      | Reached skill level 8 in Maces & Flails
  5456 | D:6      | Reached **** piety under Trog
  5478 | D:6      | Reached XP level 9. HP: 35/56 MP: 9/9
  5803 | D:7      | Reached skill level 9 in Maces & Flails
  5954 | D:7      | Noticed a hornet
  5991 | D:6      | Slain by a hornet

Illustrated notes

Levels and vault maps discovered:
D:1:      saegor_arrival_fortress, layout_basic,
          dreamdust_ecumenical_altar_statues,
          hangedman_abyss_or_decor_lesser_grid, minmay_pentomino_o4
D:2:      layout_basic
D:3:      layout_loops_ring, mainiacjoe_overflow_alcove_4, uniq_jessica
D:4:      layout_gridville, grunt_temple_overflow_diamond, temple_hall_moat,
          lightli_sewer_entry_pipes, grunt_decor_junction, minivault_23
D:5:      layout_basic, lemuel_coloured_pillars_altar, gammafunk_ghost_smash,
          corexii_item_surrounded_by_moat
D:6:      layout_basic, minmay_gold_behind_fungi, st_stairs_3,
          due_unseen_surprise
D:7:      black_bear_nest_2, layout_layer_cave, jmf_multi_god_temple,
          uniq_crazy_yiuf_cottage, uniq_jeremiah

Skill      XL: |  1  2  3  4  5  6  7  8  9 |
---------------+----------------------------+-----
Fighting       | 4 5 6 |  6.4
Dodging        | 2 3 |  3.2
Maces & Flails | 4 5 6 8 9 |  9.1
Stealth        | 1 |  1.3
Armour         | 3 4 5 |  5.7
Throwing       | |  0.1

Action                     |  1- 3 |  4- 6 |  7- 9 || total
---------------------------+-------+-------+-------++-------
  Melee: Mace              |   126 |    10 |       ||   136
         Flail             |       |   247 |   221 ||   468
         Punch             |       |     4 |     1 ||     5
  Throw: Dart              |       |     1 |     1 ||     2
 Invoke: Berserk           |       |     1 |       ||     1
         Trog's Hand       |       |     1 |       ||     1
    Use: Scroll            |       |     8 |       ||     8
         Potion            |       |     1 |       ||     1
 Armour: Animal skin       |   105 |    11 |       ||   116
         Chain mail        |       |   239 |   220 ||   459
  Dodge: Dodged            |   110 |   187 |   124 ||   421

Table legend: (Time is in decaauts)
 A = Elapsed time spent in this place.
 B = Non-inter-level travel time spent in this place.
 C = Inter-level travel time spent in this place.
 D = Time resting spent in this place.
 E = Time spent auto-exploring this place.
 F = Levels seen in this place.
 G = Mean time per level.
                   A        B        C        D        E       F      G
               +--------+--------+--------+--------+--------+-----+--------+
         Total |   6196 |   6002 |    194 |    579 |   2727 |   8 |  774.5 |
       Dungeon |   5753 |   5559 |    194 |    579 |   2609 |   7 |  821.9 |
         Sewer |    443 |    443 |      0 |      0 |    118 |   1 |  443.0 |
               +--------+--------+--------+--------+--------+-----+--------+

Top non-repeatable levels by time:
     D:6: 1224 daAuts
     D:5: 1080 daAuts
     D:4: 975 daAuts
     D:1: 945 daAuts
     D:2: 743 daAuts
     D:3: 693 daAuts
   Sewer: 443 daAuts
     D:7: 89 daAuts
